 Dungeon Crawl Stone Soup version 0.20.1-1-g8b1a95d66d (webtiles) character file.

0 Gargoyl the Skirmisher (level 1, -1/19 HPs)
             Began as a Centaur Abyssal Knight on Dec 26, 2017.
             Was a Follower of Lugonu.
             Slain by a spatial vortex (5 damage)
             ... summoned by a spatial maelstrom
             ... on level 4 of the Abyss.
             The game lasted 00:01:20 (268 turns).

Gargoyl the Skirmisher (Centaur Abyssal Knight)      Turns: 268, Time: 00:01:21

Health: -1/19      AC:  4    Str: 10      XL:     1   Next: 0%
Magic:  2/2        EV:  9    Int: 10 (11) God:    Lugonu [*.....]
Gold:   23         SH:  0    Dex:  8      Spells: 0/0 levels left

rFire    . . .     SeeInvis .   a - +1 hand axe
rCold    . . .     Gourm    .   (no shield)
rNeg     . . .     Faith    .   b - +0 leather armour
rPois    .         Spirit   .   (no helmet)
rElec    .         Reflect  .   (no cloak)
rCorr    .         Harm     .   (no gloves)
MR       .....                  (no barding)
Stlth    ..........             (no amulet)
Regen    0.1/turn               (no ring)
MPRegen  0.1/turn               (no ring)

@: very quick
A: hooves 3, deformed body, speed 2, [screaming 2], tough skin 3, [weak 2]
a: Depart the Abyss, Renounce Religion


You were on level 4 of the Abyss.
You worshipped Lugonu.
Lugonu was aware of your devotion.
You were not hungry.

You visited 0 branches of the dungeon, and saw 0 of its levels.
You visited the Abyss 1 time.

You collected 23 gold pieces.

Inventory:

Hand Weapons
 a - a +1 hand axe (weapon)
Armour
 b - a +0 leather armour (worn)
Comestibles
 c - a bread ration


   Skills:
 + Level 3.0 Fighting
 + Level 1.7 Axes
 + Level 1.3 Armour
 + Level 0.6 Dodging
 + Level 2.0 Invocations


You couldn't memorise any spells.
You didn't know any spells.

Dungeon Overview and Level Annotations

Branches:
Dungeon (0/15)

Altars:


Innate Abilities, Weirdness & Mutations

You have hooves in place of feet.
Armour fits poorly on your strangely shaped body.
You cover ground very quickly.
You have extremely tough skin. (AC +3)
[You sometimes yell uncontrollably at your foes.]
[You are very weak. (Str -4)]


Message History

A guardian serpent comes into view.
You yell at the guardian serpent!
You are engulfed in seething chaos.
The world around you seems to dim momentarily.
The guardian serpent shouts!
You hear a shout! x2
The guardian serpent moves out of view.
Found 25 gold pieces.
A spatial vortex and a spatial maelstrom come into view.
The guardian serpent is engulfed in seething chaos.
The guardian serpent hits you but does no damage.
A spatial vortex comes into view.
The guardian serpent hits you.
* * * LOW HITPOINT WARNING * * *
A spatial vortex comes into view.
You see here 17 bolts.
Unknown command.
Unknown command.
The guardian serpent weaves intricate patterns with the tip of its tongue.
The spatial vortex blinks!
The spatial vortex blinks into view!
The spatial vortex hits you.
You die...

..#.###...# # #
....#...##
.##....... .. .
####.##..#.#...##.
#.#.ยง##.#...# ...
##vS.#.....#......
#@##$.# ..........
#v#v###(.......
.#. #.. .#
#..v..##....# ##.
.. #....# ..##..
## ..##.....# ...#
#.......###.#..
..#.....#.#. .#
##..#...#.# ..##
...###...##....#


You could see a spatial maelstrom, 2 spatial vortices and a guardian serpent.

Vanquished Creatures (others)
  A lurking horror (Abyss:3)
1 creature vanquished.

Notes
Turn   | Place    | Note
-------+----------+-------------------------------------------
     0 | Abyss:1  | Gargoyl the Centaur Abyssal Knight began the quest for the Orb.
     0 | Abyss:1  | Reached XP level 1. HP: 19/19 MP: 2/2
    13 | Abyss:2  | Noticed a small abomination
    48 | Abyss:2  | Noticed an iron imp
    53 | Abyss:2  | Noticed a wretched star
    53 | Abyss:2  | Noticed an earth elemental
    65 | Abyss:2  | Noticed a neqoxec
    68 | Abyss:2  | Noticed a hellwing
    86 | Abyss:2  | Noticed a small abomination
   148 | Abyss:2  | Noticed a starcursed mass
   152 | Abyss:2  | Noticed a quasit
   193 | Abyss:3  | Noticed a starcursed mass
   234 | Abyss:3  | Noticed a freezing wraith
   254 | Abyss:4  | Noticed an apocalypse crab
   255 | Abyss:4  | Noticed a guardian serpent
   258 | Abyss:4  | Noticed a spatial maelstrom
   258 | Abyss:4  | Noticed a spatial vortex
   263 | Abyss:4  | Noticed a spatial vortex
   264 | Abyss:4  | Noticed a spatial vortex
   268 | Abyss:4  | Slain by a spatial vortex

Action                   || total
-------------------------++-------
  Use: Potion            ||     2
Armor: Leather armour    ||     1
Dodge: Dodged            ||     1
